 Dungeon Crawl Stone Soup version 0.25-a0-668-gea548f1 (webtiles) character file.

Game seed: 16556627542841569043, levelgen mode: deterministic

3377 Faca the Archer (level 9, -2/81 HPs)
             Began as a Centaur Hunter on Mar 28, 2020.
             Was a Follower of Okawaru.
             Slain by a wyvern (11 damage)
             ... on level 8 of the Dungeon.
             The game lasted 00:19:22 (8058 turns).

Faca the Archer (Centaur Hunter)                    Turns: 8058, Time: 00:19:23

Health: -2/81      AC: 11    Str: 19    XL:     9   Next: 74%
Magic:  9/9        EV: 21    Int: 10    God:    Okawaru [*.....]
Gold:   541        SH:  0    Dex:  9    Spells: 8/8 levels left

rFire    . . .     SeeInvis .   u - +0 spear
rCold    . . .     Gourm    .   (no shield)
rNeg     . . .     Faith    .   p - +0 chain mail
rPois    .         Spirit   .   i - +1 helmet
rElec    .         Reflect  .   x - +0 cloak
rCorr    .         Harm     .   r - +0 pair of gloves
MR       .....                  (no barding)
Stlth    ..........             v - amulet of the acrobat
HPRegen  0.23/turn              t - +1 ring of evasion
MPRegen  0.11/turn              (no ring)

@: acrobat, very quick
A: large, hooves 3, deformed body, speed 2, tough skin 3
a: Heroism, Renounce Religion


You were on level 8 of the Dungeon.
You worshipped Okawaru.
Okawaru was aware of your devotion.
You were not hungry.

You visited 2 branches of the dungeon, and saw 9 of its levels.

You collected 541 gold pieces.

Inventory:

Hand Weapons
 g - a +1 shortbow of freezing
 u - a +0 spear (weapon)
Missiles
 d - 91 arrows
Armour
 i - a +1 helmet (worn)
 p - a +0 chain mail (worn)
 r - a +0 pair of gloves (worn)
 x - a +0 cloak (worn)
Jewellery
 t - a +1 ring of evasion (left hand)
 v - an amulet of the acrobat (around neck)
Scrolls
 a - a scroll of enchant weapon
 c - 2 scrolls of fog
 e - 4 scrolls of teleportation
 q - a scroll of enchant armour
 y - a scroll of remove curse
Potions
 b - a potion of ambrosia
 h - 2 potions of heal wounds
 j - 2 potions of might
 l - 2 potions of flight
 m - 3 potions of curing
 n - a potion of cancellation {unknown}
 o - a potion of resistance
 s - 2 potions of invisibility {unknown}
 z - a potion of mutation
 A - a potion of lignification {unknown}
Comestibles
 f - 14 rations
 k - 2 chunks of flesh


   Skills:
 + Level 7.8 Fighting
   Level 2.3 Short Blades
 + Level 6.5 Polearms
 + Level 11.5 Bows
 - Level 2.0 Armour
 - Level 1.3 Dodging
 - Level 0.4 Stealth


You had 8 spell levels left.
You didn't know any spells.
Your spell library contained the following spells:

 Spells                   Type           Power        Failure   Level  Hunger
 Corona                   Hex            #......      99%         1    ##.....
 Infusion                 Chrm           #...         99%         1    ##.....
 Magic Dart               Conj           #...         99%         1    ##.....
 Ensorcelled Hibernation  Hex/Ice        #.....       100%        2    ###....
 Searing Ray              Conj           #.....       100%        2    ###....
 Shroud of Golubria       Chrm/Tloc      #.....       100%        2    ###....
 Song of Slaying          Chrm           #.......     100%        2    ###....
 Confusing Touch          Hex            #.......     100%        3    ####...
 Dazzling Flash           Conj/Hex       #.....       100%        3    ####...
 Gell's Gravitas          Tloc           #.........   100%        3    ####...
 Ozocubu's Armour         Chrm/Ice       #.......     100%        3    ####...
 Spectral Weapon          Hex/Chrm       #.......     100%        3    ####...
 Tukima's Dance           Hex            #.......     100%        3    ####...
 Fulminant Prism          Conj/Hex       #.........   100%        4    #####..
 Iskenderun's Mystic Bla  Conj/Tloc      #.......     100%        4    #####..
 Petrify                  Tmut/Erth      #.......     100%        4    #####..
 Metabolic Englaciation   Hex/Ice        #.........   100%        5    ######.
 Yara's Violent Unravell  Hex/Tmut       #.........   100%        5    ######.


Dungeon Overview and Level Annotations

Branches:
Dungeon (8/15)             Temple (1/1) D:7
   Lair: D:8-11

Altars:
Ashenzari
Cheibriados
Dithmenos
Elyvilon
Fedhas
Gozag
Hepliaklqana
Kikubaaqudgha
Makhleb
Nemelex Xobeh
Okawaru
Qazlal
Ru
Sif Muna
Trog
Uskayaw
Vehumet
Wu Jian
Xom
Yredelemnul
Zin
The Shining One

Shops:
D:7 =   D:8 %

Annotations:
D:4 Dowan, Duvessa


Innate Abilities, Weirdness & Mutations

You have hooves in place of feet.
Armour fits poorly on your strangely shaped body.
You cover ground very quickly.
You have extremely tough skin. (AC +3)


Message History

Aim: a wyvern (moderately wounded)
You shoot an arrow. The arrow barely misses the wyvern.
The wyvern bites you.
You are too injured to fight recklessly!
You are too injured to fight recklessly!
Your +1 shortbow of freezing stops glowing.
u - a +0 spear (weapon)
The wyvern bites you!
You hit the wyvern. Your kick misses the wyvern.
The wyvern is heavily wounded.
The wyvern bites you but does no damage.
You hit the wyvern but do no damage.
The wyvern is heavily wounded.
The wyvern bites you.
* * * LOW HITPOINT WARNING * * *
You hit the wyvern.
The wyvern is heavily wounded.
The wyvern bites you!
* * * LOW HITPOINT WARNING * * *
The wyvern bites you!
You die...

##(..........# #.# #..##
.............# #.#####....
#..l.......#. #.......###
#......... ####.####
#(..#############.### # #.(.#
#.........# ## ##.##
#.####..#.###.
..####..)#######.###...#.##..
..'.(.(())(l@.............'..
..####...#######.###.<.#.##..
##.#### #.###).##.###. #.)..#
###.##....#.# ## ####.#
#...........## # #+# #)#
#.#...#..#...# #.# #)#
#.#..........###
#.############.#
#...#......#...#
#.#............#
#..............#


You could see a wyvern.

Vanquished Creatures
  Grinder (D:4)
  A hippogriff (D:6)
  Eustachio (D:4)
  Menkaure (D:6)
  An orc warrior (D:8)
  3 sky beasts
  An ice beast (D:6)
  A black bear (D:8)
  2 phantoms
  3 ogres
  3 centaurs
  A big kobold (D:8)
  2 bullfrogs
  2 scorpions
  3 howler monkeys (D:8)
  6 orc priests
  2 crimson imps
  A quasit (D:7)
  2 bullfrog zombies (D:7)
  Crazy Yiuf (D:5)
  3 jellies
  3 hounds
  6 orc wizards
  A bullfrog skeleton (D:8)
  4 worker ants
  2 hound skeletons
  2 worker ant zombies
  13 adders
  An ooze (D:3)
  4 adder skeletons
  2 worms
  2 leopard geckos
  19 orcs
  A ball python (D:8)
  7 bats
  7 giant cockroaches
  8 goblins
  6 hobgoblins
  4 jackals (D:6)
  5 kobolds
  A quokka (D:7)
  6 frilled lizards
  A quokka zombie (D:5)
  7 rats
  A fungus (D:5)
154 creatures vanquished.

Notes
Turn   | Place    | Note
-------+----------+-------------------------------------------
     0 | D:1      | Faca the Centaur Hunter began the quest for the Orb.
     0 | D:1      | Reached XP level 1. HP: 17/17 MP: 1/1
    52 | D:1      | Reached XP level 2. HP: 11/24 MP: 2/2
   278 | D:1      | Reached skill level 6 in Bows
   748 | D:2      | Reached XP level 3. HP: 28/29 MP: 3/3
  1106 | D:2      | Reached skill level 1 in Short Blades
  1106 | D:2      | Reached XP level 4. HP: 15/36 MP: 4/4
  1322 | D:3      | Found a faded altar of an unknown god.
  1519 | D:3      | Found a blossoming altar of Fedhas.
  1621 | D:3      | Found a stormy altar of Qazlal.
  1913 | D:4      | Reached skill level 1 in Armour
  2092 | D:4      | Reached XP level 5. HP: 42/42 MP: 5/5
  2251 | D:4      | Reached skill level 7 in Bows
  2261 | D:4      | Reached XP level 6. HP: 47/50 MP: 6/6
  2296 | D:4      | Reached skill level 1 in Polearms
  2457 | D:4      | Noticed Grinder
  2474 | D:4      | Killed Grinder
  2474 | D:4      | Reached XP level 7. HP: 23/58 MP: 7/7
  2761 | D:4      | Noticed Eustachio
  2762 | D:4      | Noticed Dowan
  2765 | D:4      | Noticed Duvessa
  2920 | D:4      | Killed Eustachio
  2920 | D:4      | Reached skill level 8 in Bows
  3304 | D:5      | Entered Level 5 of the Dungeon
  3675 | D:5      | Reached skill level 5 in Fighting
  3675 | D:5      | Reached skill level 9 in Bows
  3675 | D:5      | Reached XP level 8. HP: 40/68 MP: 8/8
  3825 | D:5      | Found a runed translucent door.
  3826 | D:5      | Noticed Crazy Yiuf
  3835 | D:5      | Killed Crazy Yiuf
  4936 | D:6      | Noticed Menkaure
  4942 | D:6      | Killed Menkaure
  4973 | D:6      | Reached skill level 10 in Bows
  4984 | D:6      | Reached skill level 5 in Polearms
  5435 | D:7      | Reached XP level 9. HP: 29/78 MP: 9/9
  6374 | D:7      | Found a staircase to the Ecumenical Temple.
  6387 | Temple   | Entered the Ecumenical Temple
  6471 | Temple   | Became a worshipper of Warmaster Okawaru
  6743 | D:7      | Found Loipru's Jewellery Emporium.
  6896 | D:8      | Found Yseral's Food Boutique.
  7112 | D:8      | Reached skill level 11 in Bows
  8051 | D:8      | Reached * piety under Okawaru
  8058 | D:8      | Slain by a wyvern

Levels and vault maps discovered:
D:1:      mainiacjoe_arrival_reflecting_pool, layout_loops_ring
D:2:      layout_basic
D:3:      layout_rooms, old_standard_altar,
          chequers_ecumenical_altar_simple_redux, first_ration,
          nicolae_qazlal_eye_of_the_storm
D:4:      layout_cave_pools, kennysheep_generic_room_11, uniq_eustachio,
          uniq_grinder, uniq_duvessa
D:5:      layout_loops_cross, hangedman_abyss_or_decor_stabs,
          uniq_crazy_yiuf_cottage
D:6:      layout_gridville, uniq_menkaure
D:7:      layout_cave_pools, minmay_temple_entry_offerings, serial_shops, shop
D:8:      layout_loops_corners, serial_shops, shop, minmay_misc_feat_plants,
          hangedman_pestilent_swarm
Temple:   minmay_crystal_snake_temple

Skill      XL: |  1  2  3  4  5  6  7  8  9 |
---------------+----------------------------+-----
Bows           | 6 7 9 10 11 | 11.5
Short Blades   | 1 2 |  2.3
Armour         | 1 2 |  2.0
Fighting       | 3 5 6 7 |  7.8
Polearms       | 2 3 5 6 |  6.5
Dodging        | |  1.3
Stealth        | |  0.4

Action                   |  1- 3 |  4- 6 |  7- 9 || total
-------------------------+-------+-------+-------++-------
Melee: Short sword       |    57 |       |       ||    57
       Kick              |    17 |    20 |   115 ||   152
       Dagger            |    35 |    96 |   318 ||   449
       Spear             |       |       |   131 ||   131
 Fire: Shortbow          |       |    16 |    51 ||    67
  Use: Scroll            |     4 |     5 |     9 ||    18
       Potion            |       |       |     2 ||     2
  Eat: Chunk             |       |     4 |    15 ||    19
Armor: Leather armour    |     6 |       |       ||     6
       Ring mail         |    39 |       |       ||    39
       Chain mail        |       |    67 |   315 ||   382
Dodge: Dodged            |    61 |    21 |   147 ||   229

Table legend:
 A = Non-vault XP
 B = Vault XP
 C = Vault XP percentage of total XP
 D = Non-vault monster count
 E = Vault monster count
 F = Vault count percentage of total count
                 A         B        C        D         E       F
            +---------+---------+-------+---------+---------+-------
      Total |    4139 |     686 |  14.2 |     148 |       5 |   3.3
            +---------+---------+-------+---------+---------+-------
        D:1 |      38 |       0 |   0.0 |      22 |       0 |   0.0
        D:2 |      63 |       0 |   0.0 |      12 |       0 |   0.0
        D:3 |     117 |       0 |   0.0 |      20 |       0 |   0.0
        D:4 |     275 |     475 |  63.3 |      12 |       3 |  20.0
        D:5 |     760 |      42 |   5.2 |      21 |       1 |   4.5
        D:6 |    1153 |     169 |  12.8 |      21 |       1 |   4.5
        D:7 |     448 |       0 |   0.0 |      16 |       0 |   0.0
        D:8 |    1285 |       0 |   0.0 |      24 |       0 |   0.0
            +---------+---------+-------+---------+---------+-------
